 Dungeon Crawl Stone Soup version 0.14-a0-1254-g249fea6 (webtiles) character file.

326 Mitsuki the Charlatan (level 5, 0/42 HPs)
             Began as a Djinni Artificer on Dec 2, 2013.
             Slain by a gnoll
             ... wielding a +0,+0 whip
              (11 damage)
             ... on Level 4 of the Dungeon.
             The game lasted 00:29:47 (2822 turns).

Mitsuki the Charlatan (Djinni Artificer)            Turns: 2822, Time: 00:29:47

HP   0/42        AC  9     Str 13      XL: 5   Next: 44%
MP   0/0         EV  8     Int 12      God:
Gold 133         SH  0     Dex 13      Spells:  0 memorised,  4 levels left

rFire  + + +     SeeInvis .     w - +2 dagger (chaos)
rCold  x . .     Clarity  .     j - +0 scale mail
rNeg   + + +     Conserve .     (no shield)
rPois  .         rCorr    .     (no helmet)
rElec  .         rRot     .     v - +0 cloak
SustAb . .       Spirit   .     l - +1 pair of gloves
rMut   .         Warding  .     (boots unavailable)
Saprov . . .     Stasis   .     (no amulet)
                                (no ring)
                                g - ring of invisibility

@: flying, slowed, very slow, slightly resistant to hostile enchantments,
extremely unstealthy
A: fire immunity, cold vulnerability, life protection 3
a: Evoke Invisibility


You were on level 4 of the Dungeon.
You were not hungry.

You visited 1 branch of the dungeon, and saw 4 of its levels.

You collected 133 gold pieces.

Inventory:

Hand weapons
 a - a +0,+0 short sword
 w - a +2,+2 dagger of chaos (weapon)
Armour
 j - a +0 scale mail (worn)
 l - a +1 pair of gloves (worn)
 t - a +2 robe of magic resistance
 v - a +0 cloak (worn)
Magical devices
 b - a wand of flame (10)
 c - a wand of enslavement (15)
 d - a wand of random effects (14)
 s - a wand of digging (11)
Scrolls
 e - 5 scrolls of identify {unknown}
 m - a scroll of noise
 n - 3 scrolls of random uselessness
 q - a scroll of teleportation
Jewellery
 g - a ring of invisibility (left hand)
Potions
 f - a potion of agility
 i - 2 potions of curing
 k - a potion of cure mutation
 p - a potion of restore abilities


   Skills:
 + Level 1.7 Fighting
 + Level 1.9 Short Blades
 + Level 2.5 Armour
 + Level 3.1 Dodging
 + Level 0.7 Stealth
 + Level 4.2 Evocations


You had 4 spell levels left.
You didn't know any spells.

Dungeon Overview and Level Annotations

Branches:
Dungeon (4/16)
 Temple: D:4-7

Altars:
Makhleb
Sif Muna
Trog
Xom
Zin

Annotations:
D:3 wojtek's ghost, average MiFi


Innate Abilities, Weirdness & Mutations

You are immune to all types of fire, even holy and hellish.
You are vulnerable to cold.
You need no food.
You have no legs.
You are immune to negative energy.


Message History

You spend a moment contemplating the meaning of life.
Put on which piece of jewellery? (? for menu, Esc to quit)
Okay, then.
You closely miss the orc wizard.
The orc wizard is heavily wounded.
The gnoll hits you with a whip!
The orc wizard hits you but does no damage.
The gnoll hits you with a whip!
* * * LOW HITPOINT WARNING * * *
The orc wizard hits you but does no damage.
Drink which item? (? for menu, Esc to quit)
You feel better. The gnoll hits you with a whip!
* * * LOW HITPOINT WARNING * * *
The orc wizard casts a spell at you. The magic dart hits you!
* * * LOW HITPOINT WARNING * * *
Drink which item? (? for menu, Esc to quit)
You feel better. The gnoll hits you but does no damage.
The orc wizard closely misses you. The gnoll hits you with a whip!
You die...

*,* #..o*≈≈≈*≈≈*,*,,,, ,,≈≈* *,*
#...**≈**≈≈*,+,,,,*,,,,≈** *,*
#...###################### *,*
#....o.................... *,*
#.....o..o.>.............. *,*
#.....g...oo############.. *,*
#....######.#,,........#.. *,*
#....#....#%#,,........'.. *,*
#....#..o@go#,,........#..
,****#....#...)#.#,,,.......#..
*,,, ......######.############..
*,,,,,..........................
*******#########################


You could see an orc wizard, a gnoll and an orc.

Vanquished Creatures
  An orc priest (D:4)
  An orc wizard (D:4)
  Jessica (D:3)
  2 gnolls (D:4)
  4 adders
  A worm (D:2)
  A scorpion zombie (D:4)
  2 giant geckos
  An ooze (D:1)
  5 orcs (D:4)
  3 ball pythons
  5 hobgoblins
  9 kobolds
  5 bats
  2 giant cockroaches
  4 giant newts
  8 goblins
  2 jackals (D:1)
  An orc skeleton (D:4)
  8 rats
66 creatures vanquished.

Notes
Turn   | Place    | Note
--------------------------------------------------------------
     0 | D:1      | Mitsuki, the Djinni Artificer, began the quest for the Orb.
     0 | D:1      | Reached XP level 1. HP: 13/13 MP: 0/0
   451 | D:1      | Reached skill level 1 in Fighting
   504 | D:1      | Reached XP level 2. EP: 7/21
   816 | D:1      | Reached skill level 4 in Evocations
  1029 | D:2      | Reached skill level 1 in Short Blades
  1029 | D:2      | Reached skill level 1 in Armour
  1029 | D:2      | Reached XP level 3. EP: 26/28
  1155 | D:2      | Found a deep blue altar of Sif Muna.
  1297 | D:2      | Found a bloodstained altar of Trog.
  1529 | D:3      | Reached XP level 4. EP: 34/34
  1635 | D:3      | Noticed wojtek's ghost (average MiFi)
  1840 | D:3      | Noticed Jessica
  1874 | D:3      | Killed Jessica
  2051 | D:3      | Found a shimmering altar of Xom.
  2334 | D:4      | Found a burning altar of Makhleb.
  2353 | D:4      | Found a glowing silver altar of Zin.
  2354 | D:4      | Noticed an angel
  2354 | D:4      | Noticed a green death
  2647 | D:4      | Reached XP level 5. EP: 25/42
  2822 | D:4      | Slain by a gnoll

Action                   |  1- 3 |  4- 6 || total
-------------------------+-------+-------++-------
Melee: Short sword       |   189 |    51 ||   240
       Dagger            |       |    80 ||    80
 Abil: Evoke Invisibilit |     1 |       ||     1
Evoke: Wand              |     5 |     1 ||     6
  Use: Scroll            |     4 |     7 ||    11
       Potion            |       |     9 ||     9
